 Dungeon Crawl Stone Soup version 0.26-a0-835-g8259106e14 (webtiles) character file.

Game seed: 4676405064293253445

748680 Rosendail the Metallomancer (level 27, -2/198 HPs)
             Began as a Gargoyle Earth Elementalist on Nov 16, 2020.
             Was the Champion of Vehumet.
             Slain by a bennu (11 damage)
             ... on level 14 of a ziggurat on Nov 17, 2020.
             The game lasted 03:18:26 (67739 turns).

Rosendail the Metallomancer (GrEE)                 Turns: 67739, Time: 03:18:27

Health: -2/198     AC: 37    Str: 15    XL:     27
Magic:  31/46      EV: 20    Int: 45    God:    Vehumet [******]
Gold:   8550       SH:  0    Dex: 12    Spells: 7/64 levels left

rFire    + + +     SeeInvis +   R - +9 demon whip (elec)
rCold    + + +     Faith    .   (no shield)
rNeg     + . .     Spirit   .   C - +4 troll leather armour
rPois    ∞         Reflect  .   (helmet restricted)
rElec    +         Harm     .   S - scarf {rC+ rF+}
rCorr    +         Rampage  .   T - +1 pair of gloves of the Solstice {rF+ Str+4 Int+6}
MR       ++...     Clarity  +   V - +2 pair of boots {run}
Stlth    +.........             e - amulet of magic regeneration
HPRegen  0.83/turn              c - ring "Yqopsom" {rC+ Int+7 Dex+2}
MPRegen  0.55/turn              B - ring of Fanaticism {rPois Int+4 Slay+3 SInv Stlth-}

@: resistant, flying, very slightly contaminated, slowed, studying 3 skills,
lightly drained, invisible, very slow
A: big wings, hooves 1, horns 1, slimy green scales 1, clarity, negative energy
resistance 1, robust 1, electricity resistance, weak 1, unbreathing,
petrification resistance, rot immunity, AC +20
}: 5/15 runes: decaying, serpentine, slimy, silver, abyssal
a: Stop Flying, Renounce Religion


You were on level 14 of a ziggurat.
You worshipped Vehumet.
Vehumet was exalted by your worship.
You visited 11 branches of the dungeon, and saw 53 of its levels.
You visited the Abyss 2 times.
You visited 1 bazaar.
You visited 1 ziggurat, and saw 14 of its levels.
You also visited: Trove, Bailey, Volcano and Wizlab.

You collected 14963 gold pieces.
You spent 6413 gold pieces at shops.

Inventory:

Hand Weapons
 t - the +7 great mace "Firestarter" {inner flame, rF++}
   (You found it on level 9 of a ziggurat)

   It has been specially enchanted to burn those struck by it, causing extra
   injury to most foes and up to half again as much damage against particularly
   susceptible opponents.
   It greatly protects you from fire.
 R - a +9 demon whip of electrocution (weapon)
Missiles
 O - 3 throwing nets (quivered)
Armour
 z - a +2 robe of the Archmagi
 C - a +4 troll leather armour (worn)
 S - a scarf of resistance (worn)
 T - the +1 pair of gloves of the Solstice (worn) {rF+ Str+4 Int+6}
   (You took it off Nikola on level 1 of the Swamp)

   It affects your strength (+4).
   It affects your intelligence (+6).
   It protects you from fire.
 V - a +2 pair of boots of running (worn)
Jewellery
 c - the ring "Yqopsom" (left hand) {rC+ Int+7 Dex+2}
   (You found it on level 1 of the Depths)

   [ring of protection from cold]

   It affects your intelligence (+7).
   It affects your dexterity (+2).
   It protects you from cold.
 e - an amulet of magic regeneration (around neck)
 f - the ring "Zuscheecs" {*Corrode rElec rPois MR+ Stlth+}
   (You found it in a treasure trove)

   [ring of stealth]

   It insulates you from electricity.
   It protects you from poison.
   It affects your resistance to hostile enchantments.
   It may corrode you when you take damage.
   It makes you more stealthy.
 h - an uncursed ring of wizardry
 k - the ring "Muguno" {rF+ rC+ Str+4 Int+4 Stlth+}
   (You found it in a treasure trove)

   [ring of stealth]

   It affects your strength (+4).
   It affects your intelligence (+4).
   It protects you from fire.
   It protects you from cold.
   It makes you more stealthy.
 B - the ring of Fanaticism (right hand) {rPois Int+4 Slay+3 SInv Stlth-}
   (You found it on level 3 of the Lair of Beasts)

   [ring of see invisible]

   It affects your intelligence (+4).
   It affects your accuracy and damage with ranged weapons and melee attacks
   (+3).
   It protects you from poison.
   It lets you see invisible.
   It makes you less stealthy.
 P - an uncursed ring of resist corrosion
Wands
 D - a wand of acid (59)
Scrolls
 a - 26 scrolls of teleportation
 g - 10 scrolls of magic mapping
 j - a scroll of fear
 m - 33 scrolls of remove curse
 n - 12 scrolls of fog
 p - 24 scrolls of identify
 q - 11 scrolls of amnesia
 y - 10 scrolls of blinking
 M - 2 scrolls of holy word
 W - 2 scrolls of summoning
Potions
 b - 8 potions of mutation
 i - 4 potions of attraction
 l - 6 potions of brilliance
 o - 5 potions of curing
 s - 5 potions of resistance
 v - 2 potions of cancellation
 E - 3 potions of magic
 H - 5 potions of ambrosia
 J - 6 potions of might
 K - 2 potions of haste
 X - 2 potions of invisibility
 Y - 2 potions of berserk rage
Books
 r - a manual of Polearms
 w - a manual of Translocations
 Z - a manual of Transmutations
Miscellaneous
 d - a box of beasts
 I - a condenser vane
 L - a phantom mirror
 Q - a tin of tremorstones (2/2)


   Skills:
 + Level 20.5(20.0) Fighting
 - Level 16.0(15.6) Maces & Flails
 - Level 6.0(5.7) Armour
 - Level 15.0(14.6) Dodging
 - Level 2.1(1.9) Stealth
 + Level 19.2(18.8) Spellcasting
 - Level 20.0(19.6) Conjurations
 + Level 9.8(9.5) Necromancy
 + Level 8.9(8.6) Transmutations
 - Level 22.0(21.5) Fire Magic
 - Level 22.0(21.5) Earth Magic
 - Level 10.0(9.6) Evocations


You had 7 spell levels left.
You knew the following spells:

 Your Spells              Type           Power        Failure   Level
a - Shatter               Erth           ########..   2%          9
b - Stone Arrow           Conj/Erth      ######       0%          3
c - Lee's Rapid Deconstr  Erth           ########..   0%          5
d - Iron Shot             Conj/Erth      ########..   0%          6
e - Necromutation         Tmut/Necr      #######...   67%         8
f - Fire Storm            Conj/Fire      ########..   3%          9
g - Ignition              Fire           ########..   1%          8
h - Lehudib's Crystal Sp  Conj/Erth      ########..   1%          8
i - Apportation           Tloc           #####.       1%          1

Your spell library contained the following spells:

 Spells                   Type           Power        Failure   Level
 Chain Lightning          Conj/Air       #######...   17%         8
 Animate Skeleton         Necr           ######       0%          1
 Foxfire                  Conj/Fire      ####         0%          1
 Magic Dart               Conj           ####         0%          1
 Sandblast                Erth           ######       0%          1
 Shock                    Conj/Air       ####         0%          1
 Passwall                 Tmut/Erth      ########     0%          2
 Conjure Flame            Conj/Fire      ########     0%          3
 Inner Flame              Hex/Fire       #######.     0%          3
 Petrify                  Tmut/Erth      ########     0%          4
 Sticky Flame             Conj/Fire      ########     0%          4
 Bolt of Magma            Conj/Fire/Erth ########..   0%          5
 Fireball                 Conj/Fire      ########..   0%          5
 Iskenderun's Battlesphe  Conj           ########     0%          5
 Starburst                Conj/Fire      ########..   0%          6
 Beastly Appendage        Tmut           ######       1%          1
 Corona                   Hex            #####..      1%          1
 Freeze                   Ice            ####         1%          1
 Sting                    Tmut/Pois      ####         1%          1
 Summon Small Mammal      Summ           ####         1%          1
 Blink                    Tloc           N/A          1%          2
 Call Imp                 Summ           #####...     1%          2
 Corpse Rot               Necr/Air       N/A          1%          2
 Ensorcelled Hibernation  Hex/Ice        #####.       1%          2
 Poisonous Vapours        Pois/Air       #####.       1%          2
 Slow                     Hex            #####...     1%          2
 Swiftness                Air            #####...     1%          2
 Wereblood                Tmut           #######.     1%          2
 Call Canine Familiar     Summ           #####...     1%          3
 Confusing Touch          Hex            #####...     1%          3
 Frozen Ramparts          Ice            #####.       1%          3
 Gell's Gravitas          Tloc           #####.....   1%          3
 Ignite Poison            Fire/Tmut/Pois #######.     1%          3
 Lesser Beckoning         Tloc           #####.....   1%          3
 Mephitic Cloud           Conj/Pois/Air  #######.     1%          3
 Ozocubu's Armour         Ice            #####...     1%          3
 Portal Projectile        Hex/Tloc       #####.       1%          3
 Spider Form              Tmut/Pois      ######....   1%          3
 Static Discharge         Conj/Air       #######.     1%          3
 Summon Guardian Golem    Hex/Summ       #####...     1%          3
 Teleport Other           Tloc           #####...     1%          3
 Airstrike                Air            #####.....   1%          4
 Animate Dead             Necr           #######...   1%          4
 Dispel Undead            Necr           #######.     1%          4
 Fulminant Prism          Conj/Hex       #######...   1%          4
 Hailstorm                Conj/Ice       #######.     1%          4
 Ice Form                 Ice/Tmut       ######..     1%          4
 Leda's Liquefaction      Hex/Erth       #######...   1%          4
 Olgreb's Toxic Radiance  Pois           #####...     1%          4
 Agony                    Necr           #######.     1%          5
 Blade Hands              Tmut           #######...   1%          5
 Borgnjor's Vile Clutch   Necr/Erth      ########..   1%          5
 Excruciating Wounds      Necr           #######...   1%          5
 Irradiate                Conj/Tmut      ########..   1%          5
 Lightning Bolt           Conj/Air       #######...   1%          5
 Yara's Violent Unravell  Hex/Tmut       ######....   1%          5
 Death Channel            Necr           #######...   1%          6
 Freezing Cloud           Conj/Ice/Air   #######...   1%          6
 Orb of Destruction       Conj           ########..   1%          7
 Alistair's Intoxication  Tmut/Pois      ######...    2%          5
 Spellforged Servitor     Conj/Summ      #######...   2%          7
 Cause Fear               Hex            #####.....   6%          4
 Passage of Golubria      Tloc           N/A          6%          4
 Summon Ice Beast         Ice/Summ       #####...     6%          4
 Summon Lightning Spire   Summ/Air       #####...     6%          4
 Simulacrum               Ice/Necr       ######....   13%         6
 Eringya's Noxious Bog    Tmut/Pois      ######....   16%         6
 Metabolic Englaciation   Hex/Ice        #####.....   17%         5
 Silence                  Hex/Air        #####.....   17%         5
 Summon Demon             Summ           #####.....   17%         5
 Summon Forest            Summ/Tloc      #####.....   17%         5
 Summon Mana Viper        Hex/Summ       #####...     17%         5
 Ozocubu's Refrigeration  Ice            #####.....   24%         6
 Haunt                    Necr/Summ      ######....   58%         7
 Invisibility             Hex            #####...     67%         6
 Shadow Creatures         Summ           N/A          67%         6
 Malign Gateway           Summ/Tloc      #####.....   99%         7
 Summon Hydra             Summ           #####.....   99%         7
 Borgnjor's Revivificati  Necr           #######...   63%         8
 Infestation              Necr           #######...   63%         8
 Discord                  Hex            #####.....   100%        8
 Absolute Zero            Ice            #####.....   100%        9
 Death's Door             Necr           #######...   100%        9
 Sublimation of Blood     Necr           Unusable     N/A         2
 Statue Form              Tmut/Erth      Unusable     N/A         6

Dungeon Overview and Level Annotations

Branches:
Dungeon (15/15)            Temple (1/1) D:7            Lair (6/6) D:9
  Swamp (4/4) Lair:4        Snake (4/4) Lair:2        Slime (5/5) Lair:6
    Orc (2/2) D:9             Elf (3/3) Orc:2        Vaults (5/5) D:14
  Crypt (3/3) Vaults:2       Tomb (0/3) Crypt:3      Depths (5/5) D:15
    Zot (0/5) Depths:5     Bailey (visited)         Volcano (visited)
 WizLab (visited)

Altars:
Ashenzari
Cheibriados
Dithmenos
Elyvilon
Fedhas
Gozag
Hepliaklqana
Kikubaaqudgha
Makhleb
Nemelex Xobeh
Okawaru
Qazlal
Ru
Sif Muna
Trog
Uskayaw
Vehumet
Wu Jian
Xom
Yredelemnul
Zin
The Shining One
Jiyva

Shops:
D:7 (   D:8 (   D:11 !   Orc:2 (=([*   Vaults:2 }[   Vaults:3 }*:[
Vaults:4 }?(

Portals:
Hell: Depths:1 Depths:2 Depths:3 Depths:4 Depths:5
Abyss: Elf:1 Depths:4
Pandemonium: Depths:3 Depths:4

Annotations:
Elf:1 2 transporters, Ocaaf's ghost, adept DsIE
Elf:2 3 runed translucent doors
Vaults:1 3 runed translucent doors, exclusion: 3 doors, Ucis's ghost, adept GrEE
Vaults:3 1 runed translucent door, Reacihy's ghost, adept TeSu


Innate Abilities, Weirdness & Mutations

You are resistant to torment.
Your stone body is resilient. (AC +20)
You are immune to poison.
Your large and strong wings let you fly indefinitely.
You resist negative energy. (rN+)
You are resistant to electric shocks. (rElec)
You can survive without breathing.
You are immune to petrification.
You are immune to rotting.
You have large cloven feet.
You have a pair of small horns on your head.
You are partially covered in slimy green scales. (AC +2)
You possess an exceptional clarity of mind.
You are robust. (+10% HP)
You are weak. (Str -2)


Message History

The bennu completely resists.
The pyre of ghostly fire engulfs you! You partially resist.
You feel drained.
* * * LOW HITPOINT WARNING * * *
Vehumet accepts your kill.
You feel your power returning.
The bennu, emptied of spiritual energy, fades out from this realm.
The bennu is moderately wounded.
You destroy the mummy priest!
Vehumet accepts your kill.
You feel your power returning.
You feel extremely nervous for a moment...
Pain shoots through your body!
* * * LOW HITPOINT WARNING * * *
The bennu jubilantly flits about.
The bennu pecks you!
* * * LOW HITPOINT WARNING * * *
The bennu claws you.
* * * LOW HITPOINT WARNING * * *
The bennu claws you!
You die...

▓...........▓
▓▓▓...........▓▓▓▓▓▓▓▓
.....................▓
4....................▓
.....................▓
M....................▓
.....................▓
§†.M..†....b.b@.....∩▓
.....................▓
...b.................▓
.....................▓
.....................▓
.....................▓
▓▓▓...........▓▓▓▓▓▓▓▓
▓...........▓


You could see 2 bennus.

Vanquished Creatures
  Dissolution (Slime:3)
  the Royal Jelly (Slime:5)
  4 ancient liches
  A juggernaut (Depths:5)
  10 greater mummies
  Sojobo (Depths:4)
  the Lernaean hydra (Swamp:4)
  Boris (Depths:4)
  Bai Suzhen (Vaults:3)
  6 caustic shrikes
  4 golden dragons
  Nikola (Swamp:1)
  A Hellbinder (WizLab)
  8 liches
  A bone dragon (Crypt:3)
  5 tentacled monstrosities
  3 iron giants (Zig:8)
  Rupert (Lair:6)
  3 Ice Fiends (Zig:9)
  3 deep elf blademasters (Elf:3)
  10 titans
  8 tentacled starspawn
  A quicksilver dragon (Abyss:3)
  10 acid blobs (Slime:5)
  5 sphinxes
  An Executioner (Abyss:3)
  4 ancient champions
  5 shadow dragons
  A thorn hunter (Swamp:4)
  13 nagarajas
  Roxanne (Snake:1)
  A fenstrider witch (Swamp:3)
  8 fire giants
  The ghost of Eciy the Sharpshooter, an adept KoBe of Trog (Snake:3)
  16 storm dragons
  5 revenants
  9 tengu reavers
  Donald (Swamp:4)
  13 azure jellies
  11 deep elf sorcerers
  An iron dragon (Depths:2)
  15 frost giants
  2 orc warlords
  2 draconian knights (Abyss:3)
  Aizul (Snake:4)
  4 balrugs
  11 vault wardens
  A ghost moth (Zig:7)
  A draconian scorcher (Abyss:3)
  A daeva (Abyss:3)
  2 draconian shifters (Depths:5)
  4 cacodemons
  3 curse skulls
  5 deep elf elementalists
  11 very ugly things
  17 ironheart preservers
  A draconian annihilator (Abyss:3)
  4 reapers
  6 war gargoyles
  2 entropy weavers
  3 ghouls
  An entropy weaver (shapeshifter) (Vaults:2)
  2 green draconians (Depths:5)
  4 spriggan defenders (Depths:5)
  8 deep elf demonologists
  3 juggernaut skeletons (Zig:11)
  4 bennus (Zig:14)
  9 vampire knights
  30 stone giants
  2 lorocyprocas
  11 deep elf annihilators
  2 bunyips
  A yellow draconian (Depths:5)
  A black sun (Zig:5)
  3 spark wasps
  A purple draconian (Depths:5)
  A red draconian (Depths:5)
  5 eleionomae
  A black draconian (Depths:5)
  4 crystal guardians
  5 eidola
  9 deep elf death magi
  3 blizzard demons
  A green death (Abyss:3)
  4 mummy priests
  19 ettins
  8 death oozes
  17 yaktaur captains
  2 merfolk javelineers (Depths:5)
  15 fire dragons
  8 jiangshi
  9 deep elf high priests
  A shambling mangrove (Swamp:4)
  16 ogre magi
  Fannar (D:11)
  5 boulder beetles
  25 hydras
  7 great orbs of eyes
  11 ice dragons
  5 rakshasas
  5 spriggan air magi
  18 naga warriors
  Erica (D:9)
  A ghost crab (Zig:5)
  34 vault guards
  10 alligators
  5 tengu warriors
  19 anacondas
  3 death knights
  38 two-headed ogres
  11 centaur warriors
  18 dancing weapons
  3 death scarabs (Zig:14)
  5 orc high priests
  10 death yaks
  5 thrashing horrors
  17 naga sharpshooters
  2 deep troll shamans
  5 vampire magi
  Urug (Lair:3)
  7 deep troll earth magi
  16 small abominations
  A titan zombie (Crypt:3)
  13 shock serpents
  7 soul eaters
  A spriggan berserker (Depths:5)
  Nergalle (D:11)
  3 goliath frogs
  4 sun demons
  3 wretched stars (Abyss:2)
  21 deep elf knights
  A storm dragon zombie (Zig:11)
  A titan skeleton (Crypt:1)
  3 sixfirhies
  25 large abominations
  2 shadow wraiths
  10 salamander mystics
  22 hell knights
  3 spatial maelstroms
  38 skeletal warriors
  6 wizards
  8 unseen horrors
  2 spriggan druids
  18 deep trolls
  A spark wasp zombie (Zig:13)
  12 swamp dragons
  3 bog bodies (Swamp:1)
  A shadow demon (WizLab)
  A storm dragon skeleton (Depths:2)
  An iron giant skeleton (Crypt:2)
  6 flayed ghosts
  4 glowing orange brains
  15 naga ritualists
  Pikel (D:4)
  2 sphinx zombies
  A shadow dragon zombie (Crypt:3)
  19 harpies
  17 deep elf archers
  19 ironbrand convokers
  2 orange crystal statues
  4 wolf spider zombies
  A swamp dragon (shapeshifter) (Vaults:5)
  12 phantasmal warriors
  A golden dragon skeleton (Crypt:2)
  15 orc knights
  61 deep elf magi
  5 lindwurms
  An orb spider (shapeshifter) (Vaults:3)
  A tengu skeleton (Zig:13)
  3 fire giant zombies
  4 draconians (Abyss:3)
  7 wolf spiders
  12 salamanders
  12 mana vipers
  16 necromancers
  A sphinx skeleton (Zig:13)
  22 ugly things
  3 manticores
  4 orb spiders (Zig:7)
  A stone giant zombie (Crypt:1)
  A shadow dragon skeleton (Crypt:3)
  A frost giant zombie (Crypt:3)
  A moth of wrath (Zig:7)
  A human zombie (Vaults:5)
  5 orc sorcerers
  3 will-o-the-wisps
  An oklob plant (Lair:3)
  5 shining eyes
  3 elf zombies
  9 cyclopes
  A moth of wrath (shapeshifter) (Abyss:3)
  A frost giant skeleton (Zig:14)
  2 worldbinders (Abyss:3)
  9 elephants
  A stone giant skeleton (Zig:6)
  An iron dragon skeleton (Depths:2)
  15 guardian serpents
  A dire elephant zombie (Abyss:2)
  2 guardian serpents (shapeshifter)
  16 vault sentinels
  A titan simulacrum (Abyss:2)
  4 rust devils
  3 black mambas (shapeshifter)
  2 fire giant skeletons
  Joseph (D:9)
  2 gargoyles
  29 naga magi
  5 torpor snails
  56 black mambas
  12 smoke demons
  16 cane toads
  3 molten gargoyles
  4 orange demons
  A shock serpent skeleton (Abyss:2)
  An eye of devastation (shapeshifter) (Elf:3)
  46 yaktaurs
  4 rime drakes
  A spark wasp simulacrum (Zig:9)
  Maggie (D:9)
  A redback zombie (D:13)
  18 komodo dragons
  A kobold demonologist (Abyss:1)
  A rime drake (shapeshifter) (Depths:3)
  4 efreet
  A demonic crawler (Zig:7)
  A hellion (Abyss:3)
  2 hellwings (WizLab)
  10 ancient zymes
  57 starcursed masses
  8 freezing wraiths
  A komodo dragon (shapeshifter) (Abyss:2)
  A ghost moth simulacrum (Crypt:1)
  9 ice devils
  2 spriggan skeletons
  3 tengu conjurers
  11 guardian mummies
  A red devil (WizLab)
  A merfolk (shapeshifter) (Depths:2)
  9 trolls
  A golden dragon simulacrum (Zig:9)
  2 bloated husks (Swamp:2)
  A harpy skeleton (Crypt:3)
  2 polar bears
  9 hornets
  Grinder (D:5)
  43 blink frogs
  7 tyrant leeches
  A hornet (shapeshifter) (Depths:2)
  A blink frog (shapeshifter) (Vaults:2)
  2 wolf spider simulacra
  A wind drake (Abyss:1)
  20 raiju
  An ice dragon zombie (Crypt:3)
  19 dream sheep
  71 slime creatures
  2 dream sheep (shapeshifter)
  An ettin zombie (Abyss:2)
  An ettin skeleton (Crypt:1)
  2 fire dragon zombies (Crypt:3)
  A fire giant simulacrum (Crypt:1)
  A stone giant simulacrum (Vaults:3)
  10 spriggans
  2 hydra skeletons (Crypt:1)
  3 air elementals
  6 ushabtiu
  4 redbacks
  46 flying skulls
  6 shadows
  2 tarantellas
  A fire dragon skeleton (Crypt:1)
  A guardian serpent skeleton (Crypt:2)
  A vampire (D:11)
  8 ynoxinuls
  A spriggan (shapeshifter) (Vaults:1)
  10 water elementals
  21 wyverns
  A fire bat (shapeshifter) (Vaults:1)
  17 wraiths
  A black mamba zombie (Crypt:1)
  7 fire elementals
  A human (shapeshifter) (Abyss:2)
  A tarantella (shapeshifter) (Vaults:1)
  A basilisk (shapeshifter) (Depths:4)
  8 fire bats
  24 yaks
  7 basilisks
  9 vampire mosquitoes
  9 chaos spawn
  3 neqoxecs
  Eustachio (D:6)
  4 steam dragons
  2 elf skeletons (Zig:13)
  9 spatial vortices
  Edmund (D:4)
  51 nagas
  16 swamp worms
  3 acid dragons
  5 wargs
  2 floating eyes
  5 hell hounds (Lair:6)
  27 water moccasins
  A cane toad zombie (Crypt:3)
  Duvessa (D:6)
  A swamp drake (shapeshifter) (Vaults:4)
  8 swamp drakes (Swamp:4)
  57 orc warriors
  3 black bears
  6 phantoms
  4 necrophages
  A torturous demonspawn skeleton (Crypt:1)
  22 boggarts
  5 ice beasts
  43 ogres
  An eye of draining (Abyss:2)
  25 wolves
  7 centaurs
  2 snapping turtle skeletons (Crypt:3)
  18 bullfrogs
  16 big kobolds
  2 wyvern zombies
  Dowan (D:6)
  A glowing shapeshifter simulacrum (Depths:2)
  7 earth elementals
  5 scorpions
  A raiju zombie (Crypt:1)
  An elf simulacrum (Vaults:1)
  A human simulacrum (Vaults:5)
  10 killer bees
  A troll zombie (Crypt:2)
  15 wights
  2 electric eels (Lair:1)
  A vampire bat (Abyss:1)
  8 howler monkeys
  5 centaur zombies
  2 bullfrog zombies
  6 lava snakes
  7 quasits
  21 orc priests
  A demonspawn zombie (Crypt:2)
  12 hounds
  13 jellies
  2 iron imps (Abyss:3)
  31 orc wizards
  4 bullfrog skeletons
  12 centaur skeletons
  2 iguanas
  7 hell rats (Lair:4)
  12 worker ants
  A demigod skeleton (Crypt:1)
  2 deep dwarf skeletons
  11 mummies
  2 worker ant zombies
  3 howler monkey skeletons
  12 adders
  7 gnolls (Bailey)
  2 shadow imps
  8 white imps
  2 ufetubi
  7 oozes
  2 adder skeletons
  A dart slug (D:3)
  8 leopard geckos
  104 orcs
  2 giant cockroaches
  23 goblins
  27 hobgoblins
  12 jackals
  36 kobolds
  7 quokkas
  A ball python (D:4)
  14 bats
  7 frilled lizards
  A hobgoblin zombie (Crypt:2)
  A jackal skeleton (D:5)
  A jackal zombie (D:6)
  An orc zombie (Crypt:1)
  A quokka skeleton (D:6)
  7 rats
  A bush (Lair:6)
  4 butterflies (Abyss:1)
  5 crawling corpses (Elf:3)
  15 fire vortices
  A lurking horror (Abyss:2)
  4 plants (Depths:1)
  10 starspawn tentacles (Abyss:3)
2967 creatures vanquished.

Vanquished Creatures (collateral kills)
  A sphinx (Depths:5)
  An acid blob (Slime:5)
  An azure jelly (Slime:5)
  A draconian knight (Depths:5)
  An ogre mage (Depths:2)
  An iron dragon zombie (Zig:6)
  A shadow dragon skeleton (Zig:13)
  An orc warrior (Bailey)
  An ice beast (D:7)
  A jelly (Slime:4)
  An orc wizard (D:7)
  2 orcs
13 creatures vanquished.

Vanquished Creatures (others)
  A blood saint (WizLab)
  An unseen horror (D:14)
  A naga mage (Snake:4)
  An air elemental (Abyss:3)
  A spatial vortex (Abyss:3)
  An orc warrior (Bailey)
  A boggart (Vaults:3)
  A rat (D:3)
  A bush (D:9)
  81 fire vortices
  2 foxfires (Swamp:3)
  66 fungi
  A lurking horror (Abyss:2)
  44 plants
  11 starspawn tentacles (Abyss:3)
  8 toadstools (D:8)
222 creatures vanquished.

Grand Total: 3202 creatures vanquished

Notes
Turn   | Place    | Note
-------+----------+-------------------------------------------
     0 | D:1      | Rosendail the Gargoyle Earth Elementalist began the quest
                  | for the Orb.
     0 | D:1      | Reached XP level 1. HP: 10/10 MP: 3/3
   244 | D:1      | Reached XP level 2. HP: 10/15 MP: 5/5
  1044 | D:2      | Reached XP level 3. HP: 16/19 MP: 7/7
  1059 | D:2      | Learned a level 3 spell: Stone Arrow
  2001 | D:3      | Reached skill level 1 in Conjurations
  2001 | D:3      | Reached XP level 4. HP: 24/24 MP: 8/8
  2502 | D:3      | Found a white marble altar of Elyvilon.
  2803 | D:4      | Reached skill level 5 in Earth Magic
  2863 | D:4      | Noticed an ogre
  2894 | D:3      | Reached XP level 5. HP: 18/28 MP: 9/9
  3063 | D:4      | Noticed a lemure
  3066 | D:4      | Noticed Pikel
  3068 | D:4      | Noticed a lemure
  3081 | D:4      | Noticed a lemure
  3081 | D:4      | Noticed a lemure
  3095 | D:4      | Killed Pikel
  3096 | D:4      | Reached XP level 6. HP: 15/32 MP: 1/13
  3096 | D:4      | Reached XP level 7. HP: 17/36 MP: 1/14
  3140 | D:4      | Noticed Edmund
  3453 | D:4      | Reached skill level 5 in Spellcasting
  3808 | D:4      | Learned a level 5 spell: Lee's Rapid Deconstruction
  3884 | D:4      | Reached XP level 8. HP: 41/41 MP: 15/15
  3996 | D:4      | Killed Edmund
  3997 | D:4      | Reached skill level 1 in Fighting
  4193 | D:5      | Entered Level 5 of the Dungeon
  4268 | D:5      | Reached skill level 1 in Maces & Flails
  4326 | D:5      | Reached skill level 1 in Armour
  4371 | D:5      | Reached skill level 5 in Conjurations
  4455 | D:5      | Reached skill level 1 in Evocations
  4632 | D:5      | Noticed Grinder
  4638 | D:5      | Killed Grinder
  5160 | D:5      | Found a stormy altar of Qazlal.
  5181 | D:5      | Reached XP level 9. HP: 48/49 MP: 12/17
  5737 | D:6      | Noticed Dowan
  5739 | D:6      | Noticed Duvessa
  5751 | D:6      | Killed Duvessa
  6026 | D:6      | Killed Dowan
  6362 | D:6      | Noticed Eustachio
  6377 | D:6      | Killed Eustachio
  7152 | D:7      | Found Faatumm's Weapon Shoppe.
  7331 | D:7      | Found a staircase to the Ecumenical Temple.
  7343 | Temple   | Entered the Ecumenical Temple
  7554 | Temple   | Became a worshipper of Vehumet
  7674 | D:8      | Reached XP level 10. HP: 55/56 MP: 19/19
  7697 | D:8      | Found Vuesm's Weapon Shoppe.
  8150 | D:8      | Reached * piety under Vehumet
  8150 | D:8      | Offered knowledge of Freeze by Vehumet.
  9089 | D:8      | Reached skill level 5 in Fighting
  9096 | D:8      | Offered knowledge of Shock by Vehumet.
  9246 | D:9      | Reached ** piety under Vehumet
  9247 | D:9      | Noticed Erica
  9260 | D:9      | Killed Erica
  9261 | D:9      | Reached skill level 5 in Armour
  9261 | D:9      | Reached XP level 11. HP: 28/64 MP: 7/21
  9296 | D:9      | Found a flagged portal.
  9312 | Bailey   | Entered a bailey
  9535 | Bailey   | Offered knowledge of Frozen Ramparts by Vehumet.
  9726 | Bailey   | Reached *** piety under Vehumet
  9779 | Bailey   | Noticed an orc warlord
  9780 | Bailey   | Noticed an orc knight
  9781 | Bailey   | Gained mutation: You are clumsy. (Dex -2) [potion of
                  | mutation]
  9781 | Bailey   | Gained mutation: You are partially covered in icy blue
                  | scales. (AC +2) [potion of mutation]
  9781 | Bailey   | Gained mutation: Your mind is acute. (Int +2) [potion of
                  | mutation]
  9791 | Bailey   | Offered knowledge of Iskenderun's Mystic Blast by Vehumet.
  9791 | Bailey   | Killed an orc warlord
  9792 | Bailey   | Reached skill level 5 in Maces & Flails
  9809 | Bailey   | Killed an orc knight
 10283 | D:9      | Reached **** piety under Vehumet
 10326 | D:9      | Found a staircase to the Lair.
 10343 | D:9      | Reached skill level 5 in Dodging
 10346 | D:9      | Noticed Joseph
 10359 | D:9      | Killed Joseph
 10360 | D:9      | Reached skill level 5 in Evocations
 10453 | D:9      | Noticed Maggie
 10462 | D:9      | Offered knowledge of Iskenderun's Battlesphere by Vehumet.
 10465 | D:9      | Killed Maggie
 10517 | D:9      | Reached skill level 10 in Earth Magic
 10751 | D:9      | Reached XP level 12. HP: 71/71 MP: 16/23
 10916 | D:9      | Learned a level 1 spell: Apportation
 10938 | D:9      | Found a staircase to the Orcish Mines.
 11240 | D:10     | Entered Level 10 of the Dungeon
 11946 | D:11     | Reached ***** piety under Vehumet
 12002 | D:11     | Found Cudwoizi's Distillery.
 12007 | D:11     | Bought a potion of heal wounds for 85 gold pieces
 12007 | D:11     | Bought a potion of curing for 51 gold pieces
 12007 | D:11     | Bought a potion of magic for 136 gold pieces
 12007 | D:11     | Bought a potion of haste for 170 gold pieces
 12007 | D:11     | Bought a potion of haste for 170 gold pieces
 12007 | D:11     | Bought a potion of degeneration for 17 gold pieces
 12084 | D:11     | Offered knowledge of Starburst by Vehumet.
 12667 | D:11     | Learned a level 6 spell: Starburst
 12708 | D:11     | Noticed Fannar
 12718 | D:11     | Killed Fannar
 12719 | D:11     | Reached skill level 1 in Fire Magic
 12859 | D:11     | Noticed Nergalle
 12882 | D:11     | Killed Nergalle
 13090 | D:12     | Noticed a two-headed ogre
 13094 | D:12     | Killed a two-headed ogre
 13218 | D:12     | Noticed a boulder beetle
 13249 | D:12     | Noticed a two-headed ogre
 13366 | D:13     | Reached XP level 13. HP: 30/78 MP: 17/25
 13793 | D:13     | Offered knowledge of Iron Shot by Vehumet.
 14032 | Lair:1   | Entered Level 1 of the Lair of Beasts
 14175 | Lair:1   | Learned a level 6 spell: Iron Shot
 14361 | Lair:1   | Found a dark tunnel.
 14371 | Volcano  | Entered a volcano
 14555 | Volcano  | Noticed a stone giant
 14560 | Volcano  | Killed a stone giant
 14561 | Volcano  | Reached skill level 5 in Fire Magic
 15567 | Lair:2   | Offered knowledge of Orb of Destruction by Vehumet.
 15700 | Lair:2   | Found a staircase to the Snake Pit.
 16277 | Lair:2   | Gained mutation: Your large and strong wings let you fly
                  | indefinitely. [Gargoyle growth]
 16277 | Lair:2   | Reached XP level 14. HP: 84/84 MP: 20/26
 16694 | Lair:3   | Reached skill level 10 in Conjurations
 16850 | Lair:3   | Got a steaming glass ring
 16852 | Lair:3   | Identified the ring of Fanaticism {rPois Int+4 Slay+3 SInv
                  | Stlth-} (You found it on level 3 of the Lair of Beasts)
 17220 | Lair:3   | Found a sacrificial altar of Ru.
 17236 | Lair:3   | Noticed Urug
 17239 | Lair:3   | Killed Urug
 17911 | Lair:4   | Lost mutation: You are partially covered in icy blue
                  | scales. (AC +2) [potion of mutation]
 17911 | Lair:4   | Lost mutation: You are clumsy. (Dex -2) [potion of
                  | mutation]
 17911 | Lair:4   | Gained mutation: You are frail. (-10% HP) [potion of
                  | mutation]
 17911 | Lair:4   | Gained mutation: You have large cloven feet. [potion of
                  | mutation]
 18238 | Lair:4   | Found a staircase to the Swamp.
 19458 | Lair:5   | Found a snail-covered altar of Cheibriados.
 19643 | Lair:5   | Reached XP level 15. HP: 78/82 MP: 26/28
 19659 | Lair:5   | Reached XP level 16. HP: 87/87 MP: 29/29
 19660 | Lair:5   | Reached skill level 10 in Fighting
 19660 | Lair:5   | Reached XP level 17. HP: 91/91 MP: 30/30
 19661 | Lair:5   | Reached skill level 10 in Spellcasting
 19661 | Lair:5   | Reached XP level 18. HP: 97/97 MP: 30/32
 19885 | Lair:6   | Entered Level 6 of the Lair of Beasts
 19907 | Lair:6   | Noticed Rupert
 19920 | Lair:6   | Killed Rupert
 20133 | Lair:6   | Reached ****** piety under Vehumet
 20139 | Lair:6   | Reached skill level 10 in Fire Magic
 20284 | Lair:6   | Offered knowledge of Bolt of Magma by Vehumet.
 20895 | Lair:6   | Found a staircase to the Slime Pits.
 20896 | Lair:6   | Found a viscous altar of Jiyva.
 21115 | Lair:6   | Found a large runed translucent door.
 21116 | Lair:6   | Found a large runed translucent door.
 22791 | D:12     | Reached skill level 10 in Maces & Flails
 23745 | D:13     | Offered knowledge of Irradiate by Vehumet.
 24339 | D:14     | Found a gate to the Vaults.
 24707 | D:15     | Entered Level 15 of the Dungeon
 24831 | Orc:1    | Entered Level 1 of the Orcish Mines
 25698 | Orc:2    | Entered Level 2 of the Orcish Mines
 25747 | Orc:2    | Found Cigul's Weapon Boutique.
 25764 | Orc:2    | Found Afaxeom's Jewellery Shoppe.
 25898 | Orc:2    | Offered knowledge of Lightning Bolt by Vehumet.
 25923 | Orc:1    | Found Juuziuh's Assorted Antiques.
 26034 | Orc:1    | Reached XP level 19. HP: 92/103 MP: 29/33
 26363 | Orc:2    | Found a staircase to the Elven Halls.
 26372 | Orc:2    | Found Ajepn's General Store.
 26392 | Orc:2    | Bought a scroll of blinking for 112 gold pieces
 26392 | Orc:2    | Bought a scroll of enchant weapon for 112 gold pieces
 26392 | Orc:2    | Bought a potion of curing for 45 gold pieces
 26392 | Orc:2    | Bought a scroll of fog for 30 gold pieces
 26506 | Orc:2    | Found Xorusiv's Antique Armour Boutique.
 26708 | Orc:2    | Found Balata's Antique Weapon Boutique.
 27271 | D:15     | Learned a level 8 spell: Ignition
 27291 | D:15     | Paralysed by a wizard for 3 turns
 27296 | D:15     | Paralysed by a wizard for 4 turns
 27455 | D:15     | Found a staircase to the Depths.
 28266 | Snake:1  | Entered Level 1 of the Snake Pit
 28627 | Snake:1  | Identified Roxanne's Handbook of the Mountains
 28627 | Snake:1  | Noticed Roxanne
 28631 | Snake:1  | Killed Roxanne
 29548 | Snake:2  | Offered knowledge of Lehudib's Crystal Spear by Vehumet.
 30483 | Snake:3  | Found a transporter.
 30485 | Snake:3  | Noticed Eciy's ghost (adept KoBe)
 30489 | Snake:3  | Found a transporter.
 30567 | Snake:3  | Killed Eciy's ghost
 30568 | Snake:3  | Reached XP level 20. HP: 108/108 MP: 22/36
 30617 | Snake:3  | Identified the +2 cloak of Crawling {-Tele Str+4 Dex+4}
                  | (You found it on level 3 of the Snake Pit)
 30879 | Snake:3  | Learned a level 8 spell: Lehudib's Crystal Spear
 31372 | Snake:3  | Found a runed translucent door.
 31429 | Snake:3  | Reached skill level 15 in Fire Magic
 31905 | Snake:4  | Entered Level 4 of the Snake Pit
 31981 | Snake:4  | Offered knowledge of Fire Storm by Vehumet.
 31981 | Snake:4  | Offered knowledge of Shatter by Vehumet.
 31981 | Snake:4  | Offered knowledge of Chain Lightning by Vehumet.
 32976 | Snake:4  | Reached skill level 10 in Evocations
 34055 | Snake:4  | Noticed Aizul
 34060 | Snake:4  | Reached XP level 21. HP: 97/114 MP: 35/38
 34062 | Snake:4  | Killed Aizul
 34236 | Snake:4  | Got a serpentine rune of Zot
 34507 | Swamp:1  | Entered Level 1 of the Swamp
 34557 | Swamp:1  | Identified the +1 pair of gloves of the Solstice {rF+ Str+4
                  | Int+6}
 34557 | Swamp:1  | Noticed Nikola
 34576 | Swamp:1  | Killed Nikola
 34794 | Swamp:1  | Identified a scroll of acquirement
 34794 | Swamp:1  | Acquired 841 gold pieces
 34847 | Swamp:1  | Identified the +8 quarterstaff "Huulil" {venom, +Rage rF+}
                  | (You found it on level 1 of the Swamp)
 35331 | Swamp:2  | Acquired a +2 pair of boots of running
 35350 | Swamp:2  | Reached skill level 10 in Dodging
 36233 | Swamp:3  | Paralysed by a fenstrider witch for 6 turns
 36239 | Swamp:3  | HP: 4/115 [swamp worm (12)]
 36575 | Swamp:4  | Entered Level 4 of the Swamp
 36701 | Swamp:4  | Noticed Donald
 36709 | Swamp:4  | Killed Donald
 37456 | Swamp:4  | Noticed the 27-headed Lernaean hydra
 37463 | Swamp:4  | Killed the 27-headed Lernaean hydra
 37466 | Swamp:4  | Reached skill level 15 in Earth Magic
 37682 | Swamp:4  | Got a decaying rune of Zot
 37958 | Elf:1    | Entered Level 1 of the Elven Halls
 38100 | Elf:1    | Identified the Grimoire of the Entourage
 38330 | Elf:1    | Found a transporter.
 38333 | Elf:1    | Found a one-way gate to the infinite horrors of the Abyss.
 38333 | Elf:1    | Identified the +8 rapier of Paper {distort, *Noise rElec
                  | rN+ Stlth+}
 38333 | Elf:1    | Noticed Ocaaf's ghost (adept DsIE)
 38338 | Elf:1    | Found a transporter.
 38749 | Elf:1    | Lost mutation: You are frail. (-10% HP) [potion of
                  | mutation]
 38749 | Elf:1    | Lost mutation: Your mind is acute. (Int +2) [potion of
                  | mutation]
 38749 | Elf:1    | Gained mutation: You are robust. (+10% HP) [potion of
                  | mutation]
 38749 | Elf:1    | Gained mutation: You are partially covered in slimy green
                  | scales. (AC +2) [potion of mutation]
 38749 | Elf:1    | Gained mutation: You have a pair of small horns on your
                  | head. [potion of mutation]
 39190 | Elf:1    | Reached XP level 22. HP: 148/148 MP: 32/39
 39659 | Elf:2    | Found a runed translucent gate.
 39659 | Elf:2    | Found a runed translucent gate.
 39659 | Elf:2    | Found a runed translucent gate.
 39714 | Elf:3    | Entered Level 3 of the Elven Halls
 41025 | Elf:3    | Identified Maressy's Witchcraft, Part Six
 41339 | Vaults:1 | Entered Level 1 of the Vaults
 41618 | Vaults:1 | Reached XP level 23. HP: 121/155 MP: 41/41
 41787 | Vaults:1 | Found a runed translucent gate.
 41791 | Vaults:1 | Found a runed translucent gate.
 41791 | Vaults:1 | Found a runed translucent gate.
 41791 | Vaults:1 | Noticed Ucis's ghost (adept GrEE)
 42046 | Vaults:1 | Identified the cursed +0 broad axe of Oily Forgiveness
                  | {speed, rPois MP+9 Dex-5 SInv}
 42420 | Vaults:1 | Paralysed by an orc knight for 3 turns
 43389 | Vaults:2 | Found a staircase to the Crypt.
 43419 | Vaults:2 | Found Pongeet's Gadget Emporium.
 44361 | Vaults:2 | Found Apruph's Armour Shop.
 45102 | Vaults:2 | Learned a level 9 spell: Shatter
 45340 | Vaults:3 | Found Toewkuacw's Book Boutique.
 45353 | Vaults:3 | Bought a book of Annihilations for 2208 gold pieces
 45356 | Vaults:3 | Noticed Bai Suzhen
 45362 | Vaults:3 | Killed Bai Suzhen
 45393 | Vaults:3 | Reached XP level 24. HP: 162/162 MP: 14/41
 45476 | Vaults:3 | Found Kumoutu's Gadget Shop.
 45712 | Vaults:3 | Reached skill level 15 in Conjurations
 45736 | Vaults:3 | Found Cutavenyxe's Antique Armour Emporium.
 45787 | Vaults:3 | Found Seutt's General Store.
 45795 | Vaults:3 | Bought a scroll of identify for 36 gold pieces
 45795 | Vaults:3 | Bought a scroll of fog for 36 gold pieces
 45885 | Vaults:3 | Found a runed translucent door.
 45885 | Vaults:3 | Noticed Reacihy's ghost (adept TeSu)
 46586 | Vaults:4 | Found Ikikaeh's Gadget Shop.
 46644 | Vaults:4 | Found Taefuhet's Weapon Boutique.
 46644 | Vaults:4 | Found Abloumn's Magic Scroll Shoppe.
 46651 | Vaults:4 | Bought a +3 demon whip of electrocution for 981 gold pieces
 46654 | Vaults:4 | Bought a scroll of teleportation for 33 gold pieces
 46654 | Vaults:4 | Bought a scroll of teleportation for 33 gold pieces
 46654 | Vaults:4 | Bought a scroll of identify for 22 gold pieces
 46654 | Vaults:4 | Bought a scroll of teleportation for 33 gold pieces
 46654 | Vaults:4 | Bought a scroll of identify for 22 gold pieces
 46654 | Vaults:4 | Bought 3 scrolls of identify for 66 gold pieces
 47192 | Vaults:4 | Acquired 882 gold pieces
 47821 | Vaults:5 | Entered Level 5 of the Vaults
 47824 | Vaults:5 | Reached skill level 15 in Spellcasting
 47838 | Vaults:5 | Noticed an ancient lich
 47843 | Vaults:5 | Reached skill level 15 in Fighting
 48143 | Vaults:5 | Killed an ancient lich
 48144 | Vaults:5 | Identified the ring of Happiness {rC+ EV+4}
 48315 | Vaults:5 | Reached XP level 25. HP: 164/170 MP: 42/42
 48559 | Vaults:5 | Identified the amulet "Gobappaw" {Faith Slay+2}
 48742 | Vaults:5 | Identified the cursed +2 short sword of Reinforcement
                  | {vorpal, *Slow Str+4}
 49589 | Vaults:5 | Got a silver rune of Zot
 49861 | Crypt:1  | Entered Level 1 of the Crypt
 49884 | Crypt:1  | Found a magical portal.
 49899 | WizLab   | Entered The Hall of the Hellbinder
 50168 | WizLab   | Identified the Reference Book on Creation
 50329 | WizLab   | Found a burning altar of Makhleb.
 50378 | WizLab   | Identified the amulet "Kiet" {Inacc Dex+4} (You found it in
                  | a wizard's laboratory)
 50399 | WizLab   | Identified Xusaimen's Reference Book on Creation
 50954 | Crypt:1  | Found the +10 zealot's sword {holy, *Rage rN+ EV+3}
 51811 | Crypt:2  | Reached XP level 26. HP: 165/179 MP: 26/42
 52746 | Crypt:3  | Entered Level 3 of the Crypt
 53933 | Crypt:3  | Reached skill level 15 in Maces & Flails
 53959 | Crypt:3  | Found a staircase to the Tomb.
 53966 | Crypt:3  | Found a basalt altar of Yredelemnul.
 53969 | Crypt:3  | Noticed an ancient lich
 53973 | Crypt:3  | Killed an ancient lich
 54549 | Depths:1 | Entered Level 1 of the Depths
 54605 | Depths:1 | Found a gateway to Hell.
 55002 | Depths:1 | Identified the +2 pair of gloves of Foolhardiness {Dex+4}
                  | (You found it on level 1 of the Depths)
 55320 | Depths:1 | Identified the ring "Yqopsom" {rC+ Int+7 Dex+2} (You found
                  | it on level 1 of the Depths)
 55937 | Depths:2 | Found a broken altar of Ashenzari.
 56148 | Depths:1 | Learned a level 9 spell: Fire Storm
 56157 | Depths:2 | Reached XP level 27. HP: 134/185 MP: 19/43
 56366 | Depths:2 | Found a gateway to a ziggurat.
 56798 | Depths:2 | Found a portal to a secret trove of treasure.
 57301 | Depths:3 | Found a one-way gate leading to the halls of Pandemonium.
 57861 | Depths:3 | Found a runed translucent door.
 57868 | Depths:3 | Found a runed translucent door.
 58381 | Depths:4 | Noticed Sojobo
 58381 | Depths:4 | Noticed Boris
 58384 | Depths:4 | Killed Sojobo
 58385 | Depths:4 | Paralysed by a floating eye for 2 turns
 58389 | Depths:4 | Killed Boris
 58418 | Depths:4 | Gained mutation: You possess an exceptional clarity of
                  | mind. [a neqoxec]
 58508 | Depths:4 | Found a flickering gateway to a bazaar.
 58519 | Bazaar   | Entered a bazaar
 58519 | Bazaar   | Found Cikif's Weapon Emporium.
 58666 | Bazaar   | Found Nomouji's Magic Scroll Shoppe.
 58670 | Bazaar   | Found Disorr's General Store.
 58688 | Bazaar   | Found Ecynteg's Magic Scroll Shoppe.
 58697 | Bazaar   | Found Veakaig's Book Shoppe.
 58705 | Bazaar   | Bought a Necronomicon for 883 gold pieces
 58731 | Bazaar   | Bought 3 scrolls of identify for 72 gold pieces
 58731 | Bazaar   | Bought a scroll of identify for 24 gold pieces
 58731 | Bazaar   | Bought a scroll of teleportation for 36 gold pieces
 58731 | Bazaar   | Bought a scroll of identify for 24 gold pieces
 58731 | Bazaar   | Bought a scroll of acquirement for 624 gold pieces
 58731 | Bazaar   | Bought a scroll of identify for 24 gold pieces
 58731 | Bazaar   | Bought a scroll of identify for 24 gold pieces
 58731 | Bazaar   | Bought a scroll of teleportation for 36 gold pieces
 58731 | Bazaar   | Acquired 859 gold pieces
 58765 | Bazaar   | Bought a scroll of amnesia for 31 gold pieces
 58765 | Bazaar   | Bought a scroll of silence for 67 gold pieces
 58765 | Bazaar   | Bought a scroll of enchant weapon for 67 gold pieces
 58765 | Bazaar   | Bought a scroll of identify for 18 gold pieces
 58765 | Bazaar   | Bought a scroll of enchant weapon for 67 gold pieces
 58765 | Bazaar   | Bought a scroll of fog for 18 gold pieces
 59490 | Depths:5 | Entered Level 5 of the Depths
 59505 | Depths:5 | Noticed a juggernaut
 59516 | Depths:5 | Killed a juggernaut
 60020 | Depths:5 | Identified the Handbook of Ensnaring Stones
 60205 | Depths:5 | Cast into level 2 of the Abyss (spriggan defender)
 60246 | Abyss:2  | Found a corrupted altar of Lugonu.
 60266 | Depths:5 | Escaped the Abyss
 60602 | Depths:5 | Found a gate to the Realm of Zot.
 61754 | Slime:1  | Entered Level 1 of the Pits of Slime
 61757 | Lair:6   | Upgraded the game from 0.26-a0-833-g7262b39652 to
                  | 0.26-a0-835-g8259106e14
 62392 | Slime:3  | Noticed Dissolution
 62398 | Slime:3  | Killed Dissolution
 62597 | Slime:5  | Entered Level 5 of the Pits of Slime
 62611 | Slime:5  | Noticed the Royal Jelly
 62616 | Slime:5  | Killed the Royal Jelly
 62642 | Slime:5  | Gained mutation: You are weak. (Str -2) [a shining eye]
 62716 | Slime:5  | Found the +9 staff of Wucad Mu {channel}
 62726 | Slime:5  | Identified the Grimoire of Cold and Air
 62784 | Slime:5  | Identified the Guide on Dusty Hexes
 62797 | Slime:5  | Identified the +0 helmet "Jintoub" {-Tele rPois rF++
                  | Regen+} (You found it on level 5 of the Pits of Slime)
 62799 | Slime:5  | Got a slimy rune of Zot
 63219 | Depths:4 | Voluntarily entered the Abyss.
 63313 | Abyss:1  | Found an opulent altar of Gozag.
 63327 | Abyss:2  | Found a corrupted altar of Lugonu.
 63366 | Abyss:2  | Reached skill level 15 in Dodging
 64151 | Abyss:2  | Got a scorched helmet
 64178 | Abyss:2  | Paralysed by accursed screaming for 1 turns
 65582 | Abyss:3  | Found a corrupted altar of Lugonu.
 66010 | Abyss:3  | Found a transporter.
 66029 | Abyss:3  | Noticed an ancient lich
 66029 | Abyss:3  | Found a transporter.
 66030 | Abyss:3  | Killed an ancient lich
 66032 | Abyss:3  | Got an abyssal rune of Zot
 66047 | Depths:4 | Escaped the Abyss
 66249 | Depths:2 | Identified the +2 helmet of Zilisotico {Dex+3 SInv} (You
                  | found it on level 2 of the Abyss)
 66256 | Depths:2 | You paid a toll of 17 potions of curing to enter a treasure
                  | trove
 66257 | Trove    | Entered a treasure trove
 66266 | Trove    | Got a slimy marble ring
 66278 | Trove    | Got a crude silver ring
 66280 | Trove    | Got an ancient ivory ring
 66290 | Trove    | Identified the ring "Zuscheecs" {*Corrode rElec rPois MR+
                  | Stlth+} (You found it in a treasure trove)
 66300 | Depths:2 | Identified the ring "Muguno" {rF+ rC+ Str+4 Int+4 Stlth+}
                  | (You found it in a treasure trove)
 66301 | Depths:2 | Identified the ring of Lust {rC+ rN+ Int+4 Slay-4 SInv}
                  | (You found it in a treasure trove)
 66422 | Zig:1    | Entered Level 1 of a ziggurat
 66451 | Zig:1    | Learned a level 8 spell: Necromutation
 66462 | Zig:2    | Entered Level 2 of a ziggurat
 66465 | Zig:2    | Reached skill level 1 in Transmutations
 66485 | Zig:3    | Entered Level 3 of a ziggurat
 66516 | Zig:4    | Entered Level 4 of a ziggurat
 66525 | Zig:4    | Reached skill level 1 in Necromancy
 66534 | Zig:4    | Got a smoking copper ring
 66539 | Zig:4    | Identified the ring of the Final Decision {MP+9 Str+3 Dex+4
                  | SInv} (You found it on level 4 of a ziggurat)
 66558 | Zig:5    | Entered Level 5 of a ziggurat
 66609 | Zig:6    | Entered Level 6 of a ziggurat
 66665 | Zig:6    | Identified the +1 pair of boots "Qoiwuxeb" {-Cast Harm
                  | rElec MR+ Int+2} (You found it on level 6 of a ziggurat)
 66684 | Zig:7    | Entered Level 7 of a ziggurat
 66743 | Zig:8    | Entered Level 8 of a ziggurat
 66918 | Zig:8    | Identified the Catalogue of Ensnaring Clay
 66927 | Zig:9    | Entered Level 9 of a ziggurat
 66941 | Zig:9    | Found the +7 great mace "Firestarter" {inner flame, rF++}
 66994 | Zig:10   | Entered Level 10 of a ziggurat
 67003 | Zig:10   | Noticed an ancient lich
 67004 | Zig:10   | Found the +18 shield of the Gong {rElec rN+ MR+ EV-5}
 67006 | Zig:10   | Killed an ancient lich
 67007 | Zig:10   | Reached skill level 5 in Transmutations
 67145 | Zig:10   | Identified the Catalogue of Creation
 67154 | Zig:10   | Got a pitted silver ring
 67155 | Zig:10   | Identified the ring "Bixaor" {rPois Int+2 Stlth+} (You
                  | found it on level 10 of a ziggurat)
 67163 | Zig:11   | Entered Level 11 of a ziggurat
 67206 | Zig:11   | Identified the Almanac of Summoning and Envenoming
 67214 | Zig:12   | Entered Level 12 of a ziggurat
 67333 | Zig:12   | Identified the Reference Book on the Voyage and Summoning
 67343 | Zig:13   | Entered Level 13 of a ziggurat
 67355 | Zig:13   | Noticed a greater mummy
 67357 | Zig:13   | Noticed a greater mummy
 67358 | Zig:13   | Killed a greater mummy
 67358 | Zig:13   | Killed a greater mummy
 67359 | Zig:13   | Noticed a greater mummy
 67359 | Zig:13   | Noticed a greater mummy
 67362 | Zig:13   | Killed a greater mummy
 67364 | Zig:13   | Killed a greater mummy
 67364 | Zig:13   | Noticed a greater mummy
 67368 | Zig:13   | Killed a greater mummy
 67697 | Zig:13   | Got a slimy silver amulet
 67698 | Zig:13   | Identified the amulet "Suskoda" {Acrobat rN+ Stlth+} (You
                  | found it on level 13 of a ziggurat)
 67712 | Zig:14   | Entered Level 14 of a ziggurat
 67725 | Zig:14   | Noticed a greater mummy
 67728 | Zig:14   | Noticed a greater mummy
 67728 | Zig:14   | Noticed a greater mummy
 67730 | Zig:14   | Killed a greater mummy
 67730 | Zig:14   | Noticed a greater mummy
 67731 | Zig:14   | Killed a greater mummy
 67731 | Zig:14   | Noticed a greater mummy
 67733 | Zig:14   | Killed a greater mummy
 67733 | Zig:14   | Killed a greater mummy
 67738 | Zig:14   | Killed a greater mummy
 67739 | Zig:14   | HP: 9/198 [bennu (6)]
 67739 | Zig:14   | Slain by a bennu

Illustrated notes

Levels and vault maps discovered:
D:1:      evilmike_arrival_crescent, layout_basic,
          wander_ebering_terrifying_dragon_lair
D:2:      layout_loops_corners
D:3:      layout_loops_ring, elyvilon_altar_4
D:4:      layout_cave_pools, uniq_edmund, uniq_pikel
D:5:      layout_basic, overflow_temple_1_default, serial_curves,
          eino_curves_04, eino_curves_02, uniq_grinder
D:6:      layout_basic, uniq_eustachio, uniq_duvessa
D:7:      layout_rooms, lemuel_temple_firewalk_a, serial_shops, shop
D:8:      cheibrodos_fertilizer, layout_loops_ring, serial_shops, shop
D:9:      layout_loops_corners, minmay_lair_entry_grove, enter_bailey_5,
          uniq_maggie, uniq_joseph, uniq_erica
D:10:     layout_rooms, chequers_serial_rivers_small_3
D:11:     layout_cave_pods, serial_shops, shop_fountains,
          chequers_serial_rivers_large_a, the_bakery, uniq_fannar, uniq_nergalle
D:12:     layout_basic, portal_ice_cave_demonic_guard
D:13:     hangedman_screamer, layout_long_grid, minmay_misc_feat_alley
D:14:     layout_roguey, lightli_vaults_fourway_checkpoint
D:15:     grunt_enter_depths_magical_seal, layout_cross, nicolae_wwwww,
          grunt_decor_arrowhead, minmay_misc_feat_more_columns
Temple:   roderic_octagonal_lattice_temple
Lair:1:   layout_small_grid, nicolae_volcano_entry_hallway, beast_lair_carwin_5,
          grunt_megastairs_5, serial_bayou_shore_a
Lair:2:   layout_gridlike, minmay_snake_entry_guardpost_small
Lair:3:   layout_long_grid, lemuel_oklob_altar, uniq_urug
Lair:4:   cheibrodos_lair_river_kwai, layout_small_grid, swamp_mist_pool,
          grunt_megastairs_4
Lair:5:   beast_lair_carwin_large_2, layout_concentric_octagons,
          small_statue_intersection, kennysheep_snail_temple
Lair:6:   cheibrodos_lair_end_hotspot, layout_cave_pods, slime_altar_1,
          uniq_rupert
Swamp:1:  layout_basic_swamp, evilmike_swamp_ruin_house_5,
          infiniplex_staircase_pool_2, uniq_nikola
Swamp:2:  layout_basic_swamp, evilmike_swamp_ruin_rubble_2
Swamp:3:  layout_basic_swamp, evilmike_swamp_ruin_house_3, swamp_pool1,
          infiniplex_staircase_pool
Swamp:4:  swamp_old_school, layout_basic_swamp, swamp_pool1, uniq_donald
Snake:1:  layout_onion, uniq_roxanne
Snake:2:  layout_grid_shapes, grunt_megastairs_3
Snake:3:  hangedman_cross_stitches, layout_layer_cave, gammafunk_ghost_arena,
          lightli_airlock
Snake:4:  snake_pit_salamanders_mu, layout_cave_shapes, special_room,
          nrook_guardian_serpent_ordinary, uniq_aizul
Slime:1:  cheibrodos_slime_lost_civilization_3, layout_caves,
          nicolae_slime_barrier, cheibrodos_slime_lost_civilization_7
Slime:2:  layout_caves
Slime:3:  layout_caves, cheibrodos_slime_lost_civilization_4, uniq_dissolution
Slime:4:  nicolae_slime_jelly_donut, layout_caves
Slime:5
Orc:1:    nicolae_orc_accident_3, layout_caves, serial_shops,
          nicolae_shop_overgrown_old_shop
Orc:2:    grunt_orc_gardens, layout_caves, grunt_orc_garden, grunt_orc_garden,
          grunt_orc_garden, grunt_orc_garden, serial_shops, shop,
          roderic_batcave, minmay_orc_barracks
Elf:1:    layout_geoelf_octagon, gammafunk_ghost_abyssal_escape,
          minmay_elf_demonology
Elf:2:    layout_geoelf_octagon, uniq_saint_roka
Elf:3:    minmay_elf_hall_hex, layout_onion_city, st_stairs_11
Vaults:1: gammafunk_vaults_ghost_split, nicolae_vaults_hallways_thing,
          hangedman_vaults_maws, ontoclasm_vaults_ring_large, v_misc_13,
          v_misc_3, nicolae_vaults_branching_niches,
          nicolae_vaults_network_square, vaults_room_pool,
          layout_vaults_omnicross
Vaults:2: ontoclasm_vaults_ring_large, v_misc_29, vaults_mumra_chevron,
          v_misc_5, vaults_room_pools, minmay_crypt_entry_simple_walls,
          hangedman_vaults_stitches, vaults_room_grid, nicolae_vaults_murderbox,
          nicolae_vaults_shelves_hall, layout_vaults_big_room, serial_shops,
          shop, shop
Vaults:3: ebering_vaults_ghost_inner_flame, grunt_vaults_trifunnel, v_misc_8,
          v_misc_9, vaults_dpeg_diagonal, grunt_vaults_diagonal,
          vaults_room_grunt_arrival_checkpoint,
          nicolae_vaults_mini_display_case, nicolae_vaults_little_ls,
          layout_vaults_omnigrid, serial_shops, nicolae_shop_overgrown_old_shop,
          shop, nicolae_shop_statue_plus,
          nicolae_shop_competitors_out_of_business, uniq_bai_suzhen
Vaults:4: st_diamondy, ontoclasm_vaults_bender, v_misc_26, v_rooms_5,
          ontoclasm_vaults_ligature, hangedman_vaults_impose,
          vaults_standard_mumra_lines, vaults_dpeg_cross,
          hangedman_vaults_slice, v_pattern_3, nicolae_vaults_yaktaur_gun_rack,
          hangedman_vaults_impose, layout_vaults_ring, serial_shops,
          nicolae_shop_stone, shop, shop
Vaults:5: serial_shops
Crypt:1:  layout_gridlike, mu_enter_wizlab_5
Crypt:2:  layout_catacombs, item_on_display_a
Crypt:3:  cryptofortress_bobbens
Depths:1: four-leaf_vault, layout_long_grid, minmay_misc_feat_five,
          hangedman_coc_ice_floe, horrible_house_mu
Depths:2: minmay_slanted_spiral_squares, layout_long_grid, enter_ziggurat_b,
          lemuel_crystal_altar, nicolae_trove_entry_isolated, lightli_too_deep
Depths:3: thingy_vault_2, layout_basic, hangedman_geh_valley, abandoned_shop,
          pan_entry, serial_bayou_ford_a, hangedman_decor_peaks_small,
          grunt_megastairs_2, infiniplex_staircase_x, serial_bayou_shore_b
Depths:4: grunt_house_of_mirrors, layout_twisted_cross, rand_demon_pan_entry_8,
          hell_entry, serial_shops, bzr_entry_customers,
          hangedman_abyss_or_decor_clamps, hangedman_abyss_entry_splay,
          uniq_boris, uniq_sojobo, uniq_margery
Depths:5: grunt_zot_entry_pinwheel, layout_basic, hell_entry,
          minmay_misc_feat_doors, minmay_multi_spiral
Zig:14

Skill      XL: |  1  2  3  4  5  6  7  8  9 10 11 12 13 14 15 16 17 18 19 20 21 22 23 24 25 26 27 |
---------------+----------------------------------------------------------------------------------+-----
Earth Magic    | 4 5 6 7 8 9 10 11 12 13 14 15 16 17 18 20 21 22 | 22.0
Spellcasting   | 3 4 5 6 7 8 9 10 12 13 14 15 16 19 | 19.2
Conjurations   | 1 4 5 6 7 8 9 10 11 12 13 14 15 16 17 20 | 20.0
Fighting       | 2 4 5 6 7 8 9 10 11 12 13 14 15 16 20 | 20.5
Maces & Flails | 2 3 4 5 6 7 8 9 10 11 12 13 14 15 16 | 16.0
Armour         | 2 3 5 6 |  6.0
Dodging        | 2 3 4 5 6 7 8 9 10 11 12 13 15 | 15.0
Evocations     | 1 3 4 5 6 7 8 9 10 | 10.0
Fire Magic     | 3 6 8 9 11 14 15 16 17 18 19 22 | 22.0
Transmutations | 8 |  8.9
Necromancy     | 9 |  9.8
Stealth        | |  2.1

Action                   |  1- 3 |  4- 6 |  7- 9 | 10-12 | 13-15 | 16-18 | 19-21 | 22-24 | 25-27 || total
-------------------------+-------+-------+-------+-------+-------+-------+-------+-------+-------++-------
Melee: Dagger            |   102 |   133 |    20 |       |       |       |       |       |       ||   255
       Flail             |       |       |   180 |   468 |   170 |       |       |       |       ||   818
       Morningstar       |       |       |       |       |   178 |   330 |   701 |   394 |   116 ||  1719
       Headbutt          |       |       |       |       |       |       |     1 |    81 |   299 ||   381
       Demon whip        |       |       |       |       |       |       |       |       |  1319 ||  1319
Throw: Dart              |       |       |       |     2 |       |       |       |       |       ||     2
 Cast: Sandblast         |    11 |    12 |    39 |    96 |   104 |    18 |    13 |       |       ||   293
       Stone Arrow       |       |       |    18 |    45 |    52 |       |     1 |       |       ||   116
       Lee's Rapid Decon |       |       |     3 |    65 |    32 |    43 |    40 |    37 |    31 ||   251
       Iron Shot         |       |       |       |       |    74 |    69 |   281 |    92 |   206 ||   722
       Starburst         |       |       |       |       |    12 |    37 |    20 |       |       ||    69
       Ignition          |       |       |       |       |       |       |    55 |    70 |    81 ||   206
       Shatter           |       |       |       |       |       |       |       |    30 |   164 ||   194
       Fire Storm        |       |       |       |       |       |       |       |       |    74 ||    74
       Lehudib's Crystal |       |       |       |       |       |       |       |       |    24 ||    24
 Abil: Fly               |       |       |       |       |     1 |       |       |       |       ||     1
Evoke: Wand              |       |       |     1 |     6 |     5 |     3 |     7 |       |       ||    22
       Tin of tremorston |       |       |       |       |       |       |     3 |       |       ||     3
       Phantom mirror    |       |       |       |       |       |       |     1 |       |       ||     1
       Condenser vane    |       |       |       |       |       |       |       |       |     1 ||     1
  Use: Scroll            |    10 |       |     5 |    13 |    10 |     5 |    19 |    14 |    38 ||   114
       Potion            |       |     3 |     1 |     8 |     3 |     2 |     7 |    11 |    15 ||    50
 Stab: Sleeping          |     3 |       |     3 |     9 |     1 |       |       |       |       ||    16
       Distracted        |       |       |       |     1 |       |       |       |       |       ||     1
       Paralysed         |       |       |       |       |     9 |       |       |       |       ||     9
Armor: Robe              |    37 |    64 |    99 |   179 |       |       |       |       |       ||   379
       Troll leather arm |       |       |       |    83 |   324 |   205 |   710 |   303 |   785 ||  2410
Dodge: Dodged            |    69 |   107 |   180 |   491 |   623 |   395 |   756 |   364 |  1042 ||  4027

Table legend: (Time is in decaauts)
 A = Elapsed time spent in this place.
 B = Non-inter-level travel time spent in this place.
 C = Inter-level travel time spent in this place.
 D = Time resting spent in this place.
 E = Time spent auto-exploring this place.
 F = Levels seen in this place.
 G = Mean time per level.
                   A        B        C        D        E       F      G
               +--------+--------+--------+--------+--------+-----+--------+
         Total |  65242 |  59846 |   5396 |  10545 |  34384 |  76 |  858.4 |
       Dungeon |  18087 |  16090 |   1997 |   2456 |  10186 |  15 | 1205.8 |
        Temple |    232 |    211 |     21 |      0 |    209 |   1 |  232.0 |
          Lair |   8232 |   7503 |    729 |   1296 |   4627 |   6 | 1372.0 |
         Swamp |   3175 |   3062 |    113 |    499 |   2010 |   4 |  793.8 |
     Snake Pit |   6033 |   5611 |    422 |   1437 |   2710 |   4 | 1508.2 |
    Slime Pits |    577 |    549 |     28 |    227 |      0 |   5 |  115.4 |
  Orcish Mines |   2272 |   2050 |    222 |    137 |   1358 |   2 | 1136.0 |
   Elven Halls |   3245 |   2814 |    431 |    174 |   1934 |   3 | 1081.7 |
        Vaults |   7505 |   6909 |    596 |    807 |   4747 |   5 | 1501.0 |
         Crypt |   3411 |   3212 |    199 |    408 |   1853 |   3 | 1137.0 |
        Depths |   6542 |   5910 |    632 |   1052 |   3501 |   5 | 1308.4 |
         Abyss |   2492 |   2492 |      0 |    583 |    755 |   4 |  623.0 |
      Ziggurat |   1279 |   1279 |      0 |    734 |      0 |  14 |   91.4 |
        Bazaar |    242 |    242 |      0 |     26 |    140 |   1 |  242.0 |
         Trove |     37 |     37 |      0 |      0 |      0 |   1 |   37.0 |
        Bailey |    917 |    917 |      0 |    389 |     94 |   1 |  917.0 |
       Volcano |    322 |    322 |      0 |     80 |    167 |   1 |  322.0 |
        Wizlab |    632 |    632 |      0 |    236 |     89 |   1 |  632.0 |
               +--------+--------+--------+--------+--------+-----+--------+

Top non-repeatable levels by time:
  Lair:6: 2136 daAuts
 Snake:3: 2042 daAuts
 Snake:4: 2007 daAuts
    D:13: 1907 daAuts
     D:5: 1810 daAuts
Depths:1: 1714 daAuts
Depths:5: 1712 daAuts
Vaults:1: 1706 daAuts
Vaults:4: 1674 daAuts
     D:8: 1540 daAuts
  Lair:3: 1533 daAuts
Vaults:2: 1497 daAuts
    D:11: 1458 daAuts
   Elf:3: 1457 daAuts
 Crypt:3: 1385 daAuts
